AoeStats
← Lili La Souris

Fortress

510313921Analyzed
1v1 RM · 2d ago on Sep 30, 2026· 64m 1s· 2 players
Game mode
Random Map
Map size
Small (3 player)
Population
200
Speed
Normal
Resources
Standard
Victory
Conquest
Starting age
Dark Age
Ending age
Imperial Age
RankedLock teamsTeams togetherTeam positionsShared explorationLock speedFull tech treeHidden civsTurbo modeCheats
Victory
Defeat
🇺🇸 Teutons · United States
935
+14
🇫🇷 Chinese · France
884
-14
Lili La Souris
1:02 Loom
8:18 Feudal Age
10:13 Wheelbarrow
12:59 Castle Age
13:31 Horse Collar
13:32 Man-at-Arms
14:15 Squires
14:01 Arson
13:37 Pikeman
15:05 Long Swordsman
17:03 Heavy Plow
16:52 Double-Bit Axe
21:40 Fletching
22:47 Bow Saw
23:16 Gold Mining
23:17 Stone Mining
24:45 Hand Cart
24:38 Town Watch
25:26 Bodkin Arrow
26:38 Gold Shaft Mining
29:36 Imperial Age
28:24 Town Patrol
28:50 Forging
28:41 Scale Mail Armor
28:47 Scale Barding Armor
30:48 Iron Casting
30:29 Cavalier
33:20 Murder Holes
33:46 Ballistics
33:30 Padded Archer Armor
33:51 Chain Barding Armor
34:02 Two-Handed Swordsman
35:08 Bracer
37:24 Blast Furnace
35:47 Halberdier
38:10 Leather Archer Armor
39:28 Champion
45:43 Chain Mail Armor
45:59 Ring Archer Armor
46:05 Plate Barding Armor
45:45 Husbandry
45:58 Bloodlines
45:43 Elite Chu Ko Nu
50:17 Plate Mail Armor
49:46 Capped Ram
58:22 Heavy Rocket Cart
59:18 Crossbowman
60:04 Thumb Ring
uina99
2:27 Loom
6:46 Feudal Age
13:54 Castle Age
12:02 Double-Bit Axe
12:31 Gold Mining
12:46 Stone Mining
12:53 Horse Collar
13:50 Forging
13:52 Fletching
14:58 Padded Archer Armor
15:00 Town Watch
17:31 Wheelbarrow
19:59 Hand Cart
25:47 Imperial Age
24:20 Stone Shaft Mining
23:26 Elite Skirmisher
25:46 Ballistics
26:00 Bow Saw
26:43 Iron Casting
26:09 Scale Mail Armor
26:15 Scale Barding Armor
26:06 Bodkin Arrow
26:26 Leather Archer Armor
26:52 Crenellations
26:49 Town Patrol
28:47 Two-Man Saw
28:13 Heavy Plow
28:45 Conscription
30:44 Chemistry
30:00 Bloodlines
29:11 Cavalier
31:20 Crop Rotation
32:39 Blast Furnace
31:54 Chain Mail Armor
32:00 Chain Barding Armor
31:56 Leather Archer Armor
31:22 Pikeman
32:02 Squires
32:32 Arson
35:08 Halberdier
36:56 Elite Teutonic Knight
39:38 Hoardings
40:10 Plate Mail Armor
40:10 Ring Archer Armor
40:16 Plate Barding Armor
46:35 Paladin
Connection lost

Rejoining the realm…

Still unreachable

The connection could not be restored.

Session expired

The server has moved on; the page needs a fresh start.